PAA
ATHLETIC CLUB KC ACADEMY @ CHESAPEAKE CONTINENTALS
08/16/2025
 
TOP OF THE 1ST
Athletic Club KC Academy batting - Pitching for Chesapeake Continentals : RHP Francisco Sandoval
Pitching: RHP Francisco Sandoval
Batting: RHB Filip Huigen 0-0: Ball
1-0: Ball
2-0: Foul Ball, location: 2F
2-1: Foul Ball, location: 2F
2-2: Ground out 6-3 (Groundball, 6)
Batting: LHB Tony García 0-0: DOUBLE (Line Drive, 78M)
Batting: SHB Sang-your Yu 0-0: Ball
1-0: Ball
2-0: Ball
3-0: Called Strike
3-1: Base on Balls
Batting: RHB Geoff Rivers 0-0: Ball
1-0: Ball
2-0: Foul Ball, location: 2F
2-1: Foul Ball, location: 2F
2-2: Foul Ball, location: 2F
2-2: Foul Ball, location: 2F
2-2: Ball
3-2: Base on Balls
Tony García to third
Sang-your Yu to second
Batting: LHB Michael Landry 0-0: Called Strike
0-1: Ball
1-1: Ball
2-1: Foul Ball, location: 2F
2-2: Ball
3-2: Fielders Choice at 2nd, 4-6 (Groundball, 4)
Tony García scores
Sang-your Yu to third
Batting: RHB Iván Chacón 0-0: Called Strike
0-1: Ball
1-1: Ball
2-1: Fly out, F2 (Popup, 23)
Top of the 1st over - 1 run(s), 1 hit(s), 0 error(s), 2 left on base; Athletic Club KC Academy 1 - Chesapeake 0
BOTTOM OF THE 1ST
Chesapeake Continentals batting - Pitching for Athletic Club KC Academy : RHP César Méndez
Pitching: RHP César Méndez
Batting: RHB Lionel McCloud 0-0: Ball
1-0: Called Strike
1-1: Called Strike
1-2: Foul Ball, location: 2F
1-2: Strikes out swinging
Batting: RHB Vincent Vega 0-0: Ball
1-0: Called Strike
1-1: Foul Ball, location: 2F
1-2: Ball
2-2: Ball
3-2: SINGLE (Groundball, 56D)
Batting: SHB Thomas Sherman 0-0: Ball
1-0: Ball
2-0: Ground out 3-1 (Groundball, 3)
Vincent Vega to second
Batting: SHB Ludovic Michel 0-0: Foul Ball, location: 2F
0-1: Foul Ball, location: 2F
0-2: Ball
1-2: Ball
2-2: Ball
3-2: Ground out 6-3 (Groundball, 6S)
Bottom of the 1st over - 0 run(s), 1 hit(s), 0 error(s), 1 left on base; Athletic Club KC Academy 1 - Chesapeake 0
TOP OF THE 2ND
Athletic Club KC Academy batting - Pitching for Chesapeake Continentals : RHP Francisco Sandoval
Batting: RHB Ted Stephens 0-0: Called Strike
0-1: Foul Ball, location: 2F
0-2: Ball
1-2: Foul Ball, location: 2F
1-2: Foul Ball, location: 2F
1-2: SINGLE (Popup, 6D)
Batting: RHB José Flores 0-0: Fly out, F8 (Flyball, 8RM)
Batting: RHB Felipe Pabalate 0-0: Called Strike
0-1: Ball
1-1: Ball
2-1: SINGLE (Groundball, 6MD)
Ted Stephens to second
Batting: RHB Filip Huigen 0-0: Foul Ball, location: 2F
0-1: Foul Ball, location: 2F
0-2: Ball
1-2: Strikes out swinging
Batting: LHB Tony García 0-0: Ball
1-0: SINGLE (Groundball, 4MD)
Ted Stephens to third
Felipe Pabalate to second
Runner from 3rd tries for Home, SAFE, throw made at trailing runner, SAFE at third!
Batting: SHB Sang-your Yu 0-0: Called Strike
0-1: SINGLE (Line Drive, 89M)
Felipe Pabalate scores
Tony García to second
Batting: RHB Geoff Rivers 0-0: Ball
1-0: Foul Ball, location: 2F
1-1: Fielders Choice at 2nd, 4-6 (Groundball, 4)
Top of the 2nd over - 2 run(s), 4 hit(s), 0 error(s), 1 left on base; Athletic Club KC Academy 3 - Chesapeake 0
BOTTOM OF THE 2ND
Chesapeake Continentals batting - Pitching for Athletic Club KC Academy : RHP César Méndez
Batting: SHB Dominique Prost 0-0: Ball
1-0: Called Strike
1-1: Foul Ball, location: 2F
1-2: Ball
2-2: Foul Ball, location: 2F
2-2: Ball
3-2: Base on Balls
Batting: RHB Jorge Rodríguez 0-0: Ball
1-0: Ball
2-0: Fly out, F4 (Popup, 4MD)
Batting: RHB Júlio Rodríguez 0-0: Ball
1-0: Ball
2-0: Foul Ball, location: 2F
2-1: Fly out, F8 (Flyball, 78M)
Batting: LHB Gerald Kaufman 0-0: Ball
1-0: Foul Ball, location: 2F
1-1: Fly out, F5 (Popup, 56)
Bottom of the 2nd over - 0 run(s), 0 hit(s), 0 error(s), 1 left on base; Athletic Club KC Academy 3 - Chesapeake 0
TOP OF THE 3RD
Athletic Club KC Academy batting - Pitching for Chesapeake Continentals : RHP Francisco Sandoval
Batting: LHB Michael Landry 0-0: Ball
1-0: Ball
2-0: Foul Ball, location: 2F
2-1: Ball
3-1: Base on Balls
Batting: RHB Iván Chacón 0-0: Called Strike
0-1: Called Strike
0-2: Ball
1-2: Foul Ball, location: 2F
1-2: SINGLE (Groundball, 56D)
Michael Landry to second
Batting: RHB Ted Stephens 0-0: Ball
1-0: Ball
2-0: Ball
3-0: Base on Balls
Michael Landry to third
Iván Chacón to second
Batting: RHB José Flores 0-0: Ball
1-0: SINGLE (Groundball, 56D)
Michael Landry scores
Iván Chacón to third
Ted Stephens to second
Runner from 3rd tries for Home, SAFE, no throw
Batting: RHB Felipe Pabalate 0-0: Foul Ball, location: 2F
0-1: Ball
1-1: Grounds into double play, 6-4-3 (Groundball, 6)
Ted Stephens to third
Batting: RHB Filip Huigen 0-0: Ball
1-0: Ball
2-0: Ground out 6-3 (Groundball, 6)
Top of the 3rd over - 2 run(s), 2 hit(s), 0 error(s), 1 left on base; Athletic Club KC Academy 5 - Chesapeake 0
BOTTOM OF THE 3RD
Chesapeake Continentals batting - Pitching for Athletic Club KC Academy : RHP César Méndez
Batting: RHB Rudko Hrnjak 0-0: Ball
1-0: SINGLE (Groundball, 56D)
Batting: RHB Lionel McCloud 0-0: Ball
1-0: Called Strike
1-1: SINGLE (Line Drive, 7LS)
Rudko Hrnjak to second
Batting: RHB Vincent Vega 0-0: Ball
1-0: Foul Ball, location: 2F
1-1: Ball
2-1: Fly out, F8 (Flyball, 8RS)
Batting: SHB Thomas Sherman 0-0: Called Strike
0-1: Fly out, F8 (Flyball, 8LS)
Batting: SHB Ludovic Michel 0-0: Called Strike
0-1: Ball
1-1: Fly out, F8 (Flyball, 8LM)
Bottom of the 3rd over - 0 run(s), 2 hit(s), 0 error(s), 2 left on base; Athletic Club KC Academy 5 - Chesapeake 0
TOP OF THE 4TH
Athletic Club KC Academy batting - Pitching for Chesapeake Continentals : RHP Francisco Sandoval
Batting: LHB Tony García 0-0: Ball
1-0: Ball
2-0: Ball
3-0: Base on Balls
Batting: SHB Sang-your Yu 0-0: Foul Ball, location: 2F
0-1: Swinging Strike
0-2: Strikes out swinging
Batting: RHB Geoff Rivers 0-0: Ball
1-0: Ball
2-0: Foul Ball, location: 2F
2-1: Fielders Choice at 2nd, 6-4 (Groundball, 6)
Batting: LHB Michael Landry 0-0: Called Strike
0-1: Ball
1-1: Foul Ball, location: 2F
1-2: Strikes out looking
Top of the 4th over - 0 run(s), 0 hit(s), 0 error(s), 1 left on base; Athletic Club KC Academy 5 - Chesapeake 0
BOTTOM OF THE 4TH
Chesapeake Continentals batting - Pitching for Athletic Club KC Academy : RHP César Méndez
Batting: SHB Dominique Prost 0-0: Ball
1-0: Swinging Strike
1-1: Swinging Strike
1-2: SINGLE (Groundball, 4D)
Batting: RHB Jorge Rodríguez 0-0: Called Strike
0-1: Ball
1-1: Foul Ball, location: 2F
1-2: SINGLE (Line Drive, 8LS)
Dominique Prost to second
Batting: RHB Júlio Rodríguez 0-0: Fly out, F5 (Line Drive, 5)
Batting: LHB Gerald Kaufman 0-0: Foul Ball, location: 2F
0-1: Foul Ball, location: 2F
0-2: Grounds into double play, 6-4-3 (Groundball, 6)
Bottom of the 4th over - 0 run(s), 2 hit(s), 0 error(s), 1 left on base; Athletic Club KC Academy 5 - Chesapeake 0
TOP OF THE 5TH
Athletic Club KC Academy batting - Pitching for Chesapeake Continentals : RHP Francisco Sandoval
Batting: RHB Iván Chacón 0-0: Swinging Strike
0-1: Ball
1-1: DOUBLE (Line Drive, 9LD)
Batting: RHB Ted Stephens 0-0: Ball
1-0: Ball
2-0: Swinging Strike
2-1: Foul Ball, location: 2F
2-2: Ball
3-2: Foul Ball, location: 2F
3-2: Base on Balls
Batting: RHB José Flores 0-0: Sac Bunt - play at first, batter OUT! 2-3
Iván Chacón to third
Ted Stephens to second
Batting: RHB Felipe Pabalate 0-0: Ball
Wild Pitch!
Iván Chacón scores
Ted Stephens to third
1-0: Ball
2-0: Fly out, F9 (Flyball, 89M)
Runner from 3rd tags up, SCORES, throw made
Batting: RHB Filip Huigen 0-0: Ground out 4-3 (Groundball, 4)
Top of the 5th over - 2 run(s), 1 hit(s), 0 error(s), 0 left on base; Athletic Club KC Academy 7 - Chesapeake 0
BOTTOM OF THE 5TH
Chesapeake Continentals batting - Pitching for Athletic Club KC Academy : RHP César Méndez
Batting: RHB Rudko Hrnjak 0-0: Ball
1-0: Foul Ball, location: 2F
1-1: Foul Ball, location: 2F
1-2: Fly out, F8 (Flyball, 89M)
Batting: RHB Lionel McCloud 0-0: Foul Ball, location: 2F
0-1: Ball
1-1: Foul Ball, location: 2F
1-2: Strikes out swinging
Batting: RHB Vincent Vega 0-0: Fly out, F8 (Flyball, 78M)
Bottom of the 5th over - 0 run(s), 0 hit(s), 0 error(s), 0 left on base; Athletic Club KC Academy 7 - Chesapeake 0
TOP OF THE 6TH
Athletic Club KC Academy batting - Pitching for Chesapeake Continentals : RHP Francisco Sandoval
Pitching: RHP Vicente Reyes
Batting: LHB Tony García 0-0: Called Strike
0-1: Called Strike
0-2: Fly out, F7 (Line Drive, 78M)
Batting: SHB Sang-your Yu 0-0: Called Strike
0-1: Swinging Strike
0-2: Foul Ball, location: 2F
0-2: Ball
1-2: Ball
2-2: Foul Ball, location: 2F
2-2: Ball
3-2: Strikes out swinging
Batting: RHB Geoff Rivers 0-0: Ball
1-0: Foul Ball, location: 2F
1-1: Foul Ball, location: 2F
1-2: SOLO HOME RUN (Flyball, 7D), Distance : 388 ft
Batting: LHB Michael Landry 0-0: Ground out U3 (Groundball, 3)
Top of the 6th over - 1 run(s), 1 hit(s), 0 error(s), 0 left on base; Athletic Club KC Academy 8 - Chesapeake 0
BOTTOM OF THE 6TH
Chesapeake Continentals batting - Pitching for Athletic Club KC Academy : RHP César Méndez
Batting: SHB Thomas Sherman 0-0: Ball
1-0: Ball
2-0: Called Strike
2-1: Swinging Strike
2-2: Ball
3-2: Foul Ball, location: 2F
3-2: Ground out 4-3 (Groundball, 4)
Batting: SHB Ludovic Michel 0-0: Ball
1-0: Foul Ball, location: 2F
1-1: SINGLE (Groundball, 6D)
Batting: SHB Dominique Prost 0-0: Ball
1-0: Fly out, F9 (Flyball, 89M)
Batting: RHB Jorge Rodríguez 0-0: Called Strike
0-1: Ground out 5-3 (Groundball, 56)
Bottom of the 6th over - 0 run(s), 1 hit(s), 0 error(s), 1 left on base; Athletic Club KC Academy 8 - Chesapeake 0
TOP OF THE 7TH
Athletic Club KC Academy batting - Pitching for Chesapeake Continentals : RHP Vicente Reyes
Batting: RHB Iván Chacón 0-0: SINGLE (Flyball, 8RS)
Batting: RHB Ted Stephens 0-0: Called Strike
0-1: Ball
1-1: Foul Ball, location: 2F
1-2: Foul Ball, location: 2F
1-2: Ball
2-2: Ball
3-2: Ground out 6-3 (Groundball, 6)
Iván Chacón to second
Batting: RHB José Flores 0-0: SINGLE (Groundball, 56D)
Iván Chacón to third
Runner from 3rd tries for Home, SAFE, no throw
Batting: RHB Felipe Pabalate 0-0: Ball
1-0: Ball
2-0: Ball
3-0: Fly out, F8 (Flyball, 8RM)
Batting: RHB Filip Huigen 0-0: Called Strike
0-1: Ball
1-1: Ball
2-1: Foul Ball, location: 2F
2-2: Strikes out looking
Top of the 7th over - 1 run(s), 2 hit(s), 0 error(s), 1 left on base; Athletic Club KC Academy 9 - Chesapeake 0
BOTTOM OF THE 7TH
Chesapeake Continentals batting - Pitching for Athletic Club KC Academy : RHP César Méndez
Pitching: LHP Salbatore Alejos
Batting: RHB Júlio Rodríguez 0-0: Ball
1-0: Foul Ball, location: 2F
1-1: Ground out 5-3 (Groundball, 56S)
Batting: LHB Gerald Kaufman 0-0: Foul Ball, location: 2F
0-1: Foul Ball, location: 2F
0-2: Foul Ball, location: 2F
0-2: Ball
1-2: SINGLE (Line Drive, 8LS)
Batting: RHB Rudko Hrnjak 0-0: Foul Ball, location: 2F
0-1: Ball
1-1: Foul Ball, location: 2F
1-2: Ball
2-2: SINGLE (Line Drive, 78S)
Gerald Kaufman to second
Batting: RHB Lionel McCloud 0-0: Ball
1-0: Ball
2-0: Ball
3-0: Base on Balls
Gerald Kaufman to third
Rudko Hrnjak to second
Batting: RHB Vincent Vega 0-0: Foul Ball, location: 2F
0-1: Ball
1-1: Fly out, F5 (Line Drive, 56)
Batting: SHB Thomas Sherman 0-0: Ball
1-0: Ball
2-0: Called Strike
2-1: Foul Ball, location: 2F
2-2: Foul Ball, location: 2F
2-2: Foul Ball, location: 2F
2-2: Ball
3-2: Base on Balls
Gerald Kaufman scores
Rudko Hrnjak to third
Lionel McCloud to second
Batting: SHB Ludovic Michel 0-0: Swinging Strike
0-1: Ball
1-1: Ball
2-1: Foul Ball, location: 2F
2-2: Strikes out swinging
Bottom of the 7th over - 1 run(s), 2 hit(s), 0 error(s), 3 left on base; Athletic Club KC Academy 9 - Chesapeake 1
TOP OF THE 8TH
Athletic Club KC Academy batting - Pitching for Chesapeake Continentals : RHP Vicente Reyes
Batting: LHB Tony García 0-0: Ball
1-0: Ball
2-0: Foul Ball, location: 2F
2-1: Foul Ball, location: 2F
2-2: Ball
3-2: Base on Balls
Batting: SHB Sang-your Yu 0-0: SINGLE (Groundball, 4MD)
Tony García to second
Batting: RHB Geoff Rivers 0-0: Foul Ball, location: 2F
0-1: Ball
1-1: Ball
2-1: Fly out, F8 (Flyball, 8RS)
Batting: LHB Michael Landry 0-0: Ball
1-0: Ball
2-0: Swinging Strike
2-1: Foul Ball, location: 2F
2-2: Foul Ball, location: 2F
2-2: Foul Ball, location: 2F
2-2: Ball
3-2: Foul Ball, location: 2F
3-2: SINGLE (Line Drive, 7S)
Tony García to third
Sang-your Yu to second
Pitching: LHP Yeong-hwan Yang
Batting: RHB Iván Chacón 0-0: SINGLE (Groundball, 4) (infield hit)
Tony García scores
Sang-your Yu to third
Michael Landry to second
Batting: RHB Ted Stephens 0-0: Ball
1-0: Foul Ball, location: 2F
1-1: Ball
2-1: Ground out 5-3 (Groundball, 2L)
Sang-your Yu scores
Michael Landry to third
Iván Chacón to second
Batting: RHB José Flores 0-0: Ball
1-0: SINGLE (Line Drive, 6D)
Michael Landry scores
Iván Chacón to third
Runner from 3rd tries for Home, SAFE, no throw
Batting: RHB Felipe Pabalate 0-0: Called Strike
0-1: Ball
1-1: SINGLE (Flyball, 78S)
José Flores to second
Batting: RHB Filip Huigen 0-0: Ball
1-0: Foul Ball, location: 2F
1-1: Ball
2-1: Ball
3-1: Foul Ball, location: 2F
3-2: SINGLE (Line Drive, 89M)
José Flores to third
Felipe Pabalate to second
José Flores scores
Felipe Pabalate to third
Batting: LHB Tony García 0-0: Called Strike
0-1: Ball
1-1: Ball
2-1: Fly out, F7 (Flyball, 78M)
Top of the 8th over - 5 run(s), 6 hit(s), 0 error(s), 2 left on base; Athletic Club KC Academy 14 - Chesapeake 1
BOTTOM OF THE 8TH
Chesapeake Continentals batting - Pitching for Athletic Club KC Academy : LHP Salbatore Alejos
Batting: SHB Dominique Prost 0-0: Ball
1-0: Foul Ball, location: 2F
1-1: Ball
2-1: Fly out, F8 (Flyball, 8LD)
Batting: RHB Jorge Rodríguez 0-0: Foul Ball, location: 2F
0-1: Fly out, F8 (Line Drive, 8RM)
Batting: RHB Júlio Rodríguez 0-0: Ball
1-0: Swinging Strike
1-1: Ground out 6-3 (Groundball, 6S)
Bottom of the 8th over - 0 run(s), 0 hit(s), 0 error(s), 0 left on base; Athletic Club KC Academy 14 - Chesapeake 1
TOP OF THE 9TH
Athletic Club KC Academy batting - Pitching for Chesapeake Continentals : LHP Yeong-hwan Yang
Batting: SHB Sang-your Yu 0-0: Called Strike
0-1: Ball
1-1: Foul Ball, location: 2F
1-2: Ball
2-2: Ball
3-2: Strikes out swinging
Pinch Hitting: SHB Eric Moore 0-0: Ball
1-0: Foul Ball, location: 2F
1-1: Ball
2-1: Ball
3-1: SINGLE (Line Drive, 6D)
Batting: LHB Michael Landry 0-0: Ball
Eric Moore steals 2nd base
1-0: Ball
2-0: Ball
3-0: Called Strike
3-1: Fly out, F7 (Flyball, 7)
Batting: RHB Iván Chacón 0-0: Ball
1-0: Swinging Strike
1-1: Called Strike
1-2: Foul Ball, location: 2F
1-2: Foul Ball, location: 2F
1-2: Ball
2-2: Foul Ball, location: 2F
2-2: Ball
3-2: Base on Balls
Pinch Hitting: RHB Altifício Azor 0-0: Called Strike
0-1: SINGLE (Line Drive, 5)
Eric Moore to third
Iván Chacón to second
Batting: RHB José Flores 0-0: Ball
1-0: Foul Ball, location: 2F
1-1: Fielders Choice at 2nd, 6-4 (Groundball, 56)
Top of the 9th over - 0 run(s), 2 hit(s), 0 error(s), 2 left on base; Athletic Club KC Academy 14 - Chesapeake 1
BOTTOM OF THE 9TH
Chesapeake Continentals batting - Pitching for Athletic Club KC Academy : LHP Salbatore Alejos
Now at SS: Jim Unknown
Now in LF: Eric Moore
Pinch Hitting: RHB Mike Peterson 0-0: Foul Ball, location: 2F
0-1: Ball
1-1: SINGLE (Groundball, 4MD)
Batting: RHB Rudko Hrnjak 0-0: Called Strike
0-1: Called Strike
0-2: Strikes out looking
Batting: RHB Lionel McCloud 0-0: Called Strike
0-1: Ball
1-1: Foul Ball, location: 2F
1-2: Foul Ball, location: 2F
1-2: Fielders Choice at 2nd, 6-4 (Groundball, 6)
Batting: RHB Vincent Vega 0-0: Called Strike
0-1: Ball
1-1: Ball
2-1: Fly out, F3 (Popup, 3L)
Bottom of the 9th over - 0 run(s), 1 hit(s), 0 error(s), 1 left on base; Athletic Club KC Academy 14 - Chesapeake 1
Friday, December 30th, 2016 - OOTP Baseball 17.12 Build 75